 Dungeon Crawl Stone Soup version 0.30-a0-779-g7971cf19c3 (webtiles) character file.

Game seed: 428286929267830443

35844 Zenkrye the Spear-Bearer (level 14, -4/108 HPs)
             Began as a Human Cinder Acolyte on Feb 16, 2023.
             Was a High Priest of Ignis.
             Slain by a two-headed ogre
             ... wielding a +0 giant club
              (12 damage)
             ... in a volcano on Feb 17, 2023.
             The game lasted 01:30:20 (26929 turns).

Zenkrye the Spear-Bearer (Human Cinder Acolyte)    Turns: 26929, Time: 01:30:20

Health: -4/108     AC: 20    Str: 26    XL:     14   Next: 20%
Magic:  24/27      EV:  9    Int: 14    God:    Ignis [*****.]
Gold:   480        SH: 11    Dex:  9    Spells: 16/19 levels left

rFire   + + .      SeeInvis .    E - +2 trident (vamp)
rCold   . . .      Faith    .    S - +1 kite shield
rNeg    . . .      Spirit   .    X - +2 chain mail {rF+}
rPois   .          Reflect  .    Q - +0 helmet "Pidypaf" {Stlth+}
rElec   .          Harm     .    (no cloak)
rCorr   .          Rampage  .    T - +0 pair of gloves
Will    +....                    D - +0 pair of boots "Duryjuwk" {Str+6} Stlth
                                 (no amulet)
HPRegen 0.38/turn                x - ring of magical power
MPRegen 0.20/turn                P - +4 ring of protection

@: hasted, very quick
A: no striking features
a: Renounce Religion, Fiery Armour, Foxfire Swarm, Rising Flame


You were in a volcano.
You worshipped Ignis.
Ignis was extremely pleased with you.
You visited 3 branches of the dungeon, and saw 17 of its levels.
You visited 1 bazaar.
You also visited: Sewer and Volcano.

You collected 1647 gold pieces.
You spent 1167 gold pieces at shops.

Inventory:

Hand Weapons
 a - a -1 spear of flaming
 j - a +1 sling of freezing
 o - a +1 trident
 E - a +2 vampiric trident (weapon)
 L - a +0 spear of venom
Missiles
 b - 7 boomerangs
 d - 88 poisoned darts
 l - 4 throwing nets {!f}
 I - 11 javelins
 K - 2 curare-tipped darts (quivered)
Armour
 v - a +1 ring mail of cold resistance
 w - +0 acid dragon scales
 D - the +0 pair of boots "Duryjuwk" (worn) {Str+6}
   (You bought it in a shop in a bazaar)

   Str:       It affects your strength (+6).
 N - a +2 pair of boots of flying
 Q - the +0 helmet "Pidypaf" (worn) {Stlth+}
   (You found it on level 3 of the Lair of Beasts)

   Stlth:     It makes you more stealthy.
 R - the +0 ring mail of Bitterness {rPois Will+ Dex+3}
   (You found it on level 10 of the Dungeon)

   Dex:       It affects your dexterity (+3).
   rPois:     It protects you from poison.
   Will:      It increases your willpower.
 S - a +1 kite shield (worn)
 T - a +0 pair of gloves (worn)
 X - a +2 chain mail of fire resistance (worn)
Jewellery
 t - a +6 ring of intelligence
 x - a ring of magical power (left hand)
 G - a ring of see invisible
 P - a +4 ring of protection (right hand)
Wands
 u - a wand of polymorph (8)
 y - a wand of mindburst (2)
 B - a wand of flame (19)
 J - a wand of light (7)
Scrolls
 c - 5 scrolls of teleportation {@r3}
 i - a scroll of identify {@r1}
 p - a scroll of immolation
 A - a scroll of enchant armour
 F - a scroll of enchant weapon
 M - 2 scrolls of magic mapping
 V - a scroll of amnesia
 W - a scroll of fog
Potions
 f - 6 potions of curing {@q1}
 g - 4 potions of attraction
 k - a potion of cancellation
 m - 2 potions of brilliance
 n - 2 potions of magic
 q - a potion of mutation
 r - 3 potions of flight
 s - a potion of degeneration {unknown}
 z - 2 potions of resistance {@q6}
 C - 3 potions of berserk rage {unknown}
 H - 2 potions of lignification {unknown}
 U - a potion of invisibility {unknown}


   Skills:
 + Level 9.6 Fighting
 - Level 14.0 Polearms
 + Level 7.1 Armour
 + Level 7.2 Dodging
 + Level 9.4 Shields
 - Level 3.0 Spellcasting
 - Level 3.0 Conjurations
 - Level 8.0 Fire Magic
 - Level 5.0 Evocations


You had 16 spell levels left.
You knew the following spells:

 Your Spells              Type           Power      Damage    Failure   Level
a - Scorch                Fire           48%        2d7       16%         2
b - Foxfire               Conj/Fire      68%        2x1d7     28%         1

Your spell library contained the following spells:

 Spells                   Type           Power      Damage    Failure   Level
 Ignite Poison            Fire/Tmut/Pois 9%         N/A       95%         3
 Sticky Flame             Conj/Fire      17%        2d4       95%         4
 Cause Fear               Hex            1%         N/A       100%        4
 Summon Lightning Spire   Summ/Air       2%         N/A       100%        4
 Fireball                 Conj/Fire      8%         3d6       100%        5
 Summon Forest            Summ/Tloc      1%         N/A       100%        5
 Summon Mana Viper        Hex/Summ       2%         N/A       100%        5
 Eringya's Noxious Bog    Tmut/Pois      1%         N/A       100%        6
 Starburst                Conj/Fire      8%         6d4       100%        6
 Summon Cactus Giant      Summ           1%         N/A       100%        6
 Dragon Form              Tmut           1%         N/A       100%        7
 Storm Form               Tmut/Air       1%         N/A       100%        7
 Summon Hydra             Summ           1%         N/A       100%        7
 Ignition                 Fire           12%        3d6       100%        8
 Maxwell's Capacitive Co  Air            1%         ∞         100%        8
 Dragon's Call            Summ           1%         N/A       100%        9


Dungeon Overview and Level Annotations

Branches:
Dungeon (11/15)            Temple (0/1) D:4            Lair (4/5) D:10
  Swamp (0/4) Lair:2        Snake (0/4) Lair:3          Orc (2/2) D:11
    Elf (0/3) Orc:2         Sewer (visited)         Volcano (1/1)
  Slime: Lair:4-5

Altars:
Elyvilon
Hepliaklqana
Kikubaaqudgha
Makhleb
Qazlal
Wu Jian

Shops:
D:10 [   Orc:2 ::[!

Annotations:
D:4 Edmund
D:7 Duvessa
Lair:3 Snorg


Message History

Unknown command.
Aiming: Fastroot
Press: ? - help, Shift-Dir - straight line, f - two-headed ogre
Aim: a two-headed ogre, wielding a +0 giant club and a +0 giant spiked club (moderately wounded, more vulnerable to fire)
The roots erupt in riotous growth!
Roots grab the two-headed ogre.
Roots grab the komodo dragon.
The now-empty wand crumbles to dust.
The grasping roots constrict the komodo dragon.
The grasping roots constrict the two-headed ogre.
You hear an angry hiss. x2
The komodo dragon struggles to escape constriction.
The two-headed ogre struggles to escape constriction.
You feel yourself speed up.
The grasping roots constrict the komodo dragon.
The grasping roots constrict the two-headed ogre!
The roots release their grip on the two-headed ogre.
The komodo dragon escapes!
Aiming: Bolt of Light
Press: ? - help, Shift-Dir - straight line, f - komodo dragon
Aim: a komodo dragon (moderately wounded, 81% to hit)
The bolt of light hits the komodo dragon.
The komodo dragon is moderately wounded.
The komodo dragon is blinded.
You puncture the komodo dragon!
The komodo dragon is severely wounded.
Aiming: Bolt of Light
Press: ? - help, Shift-Dir - straight line, f - two-headed ogre, p - komodo dragon
Aim: a two-headed ogre, wielding a +0 giant club and a +0 giant spiked club (heavily wounded, more vulnerable to fire, 88% to hit)
The bolt of light hits the two-headed ogre!
The two-headed ogre is heavily wounded.
The two-headed ogre is blinded.
You puncture the komodo dragon!
The komodo dragon is almost dead.
You puncture the komodo dragon!
You feel better.
You kill the komodo dragon!
You catch the helpless two-headed ogre completely off-guard!
You hit the two-headed ogre.
The two-headed ogre is heavily wounded.
The two-headed ogre hits you with a +0 giant club!
You die...

##### .
#...## ♣♣.♣
#....♣♣♣♣..♣♣
#.∩∩..♣P..PP♣
#.....†.♣P♣
##...♣O@P♣
###.P.♣♣♣
##♣♣♣


You could see a two-headed ogre (blind, combustible).

Vanquished Creatures
  Erolcha (Orc:2)
  2 hydras (Lair:4)
  2 death yaks
  2 two-headed ogres
  2 orc high priests (Orc:2)
  4 orc knights
  A wolf spider (Lair:2)
  2 cyclopes
  A manticore (D:11)
  10 elephants
  3 black mambas
  6 cane toads
  A kobold demonologist (D:11)
  An unseen horror (D:10)
  4 rime drakes
  7 komodo dragons
  Grinder (D:5)
  A polar bear (Lair:3)
  A hornet (D:9)
  5 trolls
  5 blink frogs (Lair:3)
  Prince Ribbit (D:7)
  A basilisk (Lair:2)
  A shadow (D:9)
  19 yaks
  A fire bat (Volcano)
  Grum (D:10)
  2 vampires
  7 vampire mosquitoes
  2 nagas (Lair:3)
  2 acid dragons
  9 water moccasins
  A sky beast (D:6)
  21 orc warriors
  5 ogres
  4 black bears
  An ice beast (D:6)
  5 centaurs
  17 wolves
  4 boggarts (Lair:3)
  A phantom (D:6)
  5 bullfrogs
  11 kobold brigands
  4 gnoll sergeants
  A necrophage (D:6)
  6 scorpions
  5 wights
  4 electric eels
  6 killer bees (D:5)
  2 howler monkeys (D:10)
  2 jellies
  5 hounds
  13 orc priests
  A gnoll bouda (D:6)
  5 iguanas
  Ijyb (D:5)
  15 orc wizards
  A hell rat (D:10)
  Robin (D:5)
  23 gnolls
  8 adders
  3 river rats (D:10)
  3 shadow imps
  2 ufetubi
  6 worms
  2 dart slugs
  42 orcs
  8 endoplasms
  9 giant cockroaches
  7 goblins
  10 hobgoblins
  4 jackals
  9 quokkas
  5 ball pythons
  3 bats (D:2)
  3 frilled lizards
  46 kobolds
  13 kobold skeletons (D:11)
  5 kobold zombies (D:11)
  8 rats
474 creatures vanquished.

Vanquished Creatures (others)
  An orc knight (Orc:2)
  An unseen horror (D:11)
  2 orc warriors (Orc:2)
  8 orc priests (Orc:2)
  A gnoll (D:10)
  11 orcs (Orc:2)
  137 foxfires
  13 fungi
  30 plants
204 creatures vanquished.

Grand Total: 678 creatures vanquished

Notes
Turn   | Place    | Note
-------+----------+-------------------------------------------
     0 | D:1      | Zenkrye the Human Cinder Acolyte began the quest for the
                  | Orb.
     0 | D:1      | Reached XP level 1. HP: 18/18 MP: 2/2
   121 | D:1      | Reached XP level 2. HP: 24/24 MP: 3/3
   124 | D:1      | Learned a level 2 spell: Scorch
  1039 | D:2      | Reached XP level 3. HP: 29/29 MP: 1/4
  1257 | D:2      | Reached skill level 4 in Polearms
  1518 | D:2      | Found the amulet of Elemental Vulnerability {rPois rF--
                  | rC-- AC+8}
  1530 | D:2      | Reached XP level 4. HP: 35/35 MP: 0/5
  2700 | D:3      | Found a glowing drain.
  2719 | Sewer    | Entered a sewer
  2804 | Sewer    | Noticed a water moccasin
  2809 | Sewer    | Killed a water moccasin
  2810 | Sewer    | Reached skill level 5 in Polearms
  2810 | Sewer    | Reached XP level 5. HP: 27/41 MP: 6/6
  2810 | Sewer    | Reached XP level 6. HP: 31/47 MP: 7/7
  3279 | D:3      | Noticed an ogre
  3284 | D:3      | Killed an ogre
  3287 | D:3      | Reached skill level 6 in Polearms
  3747 | D:3      | Found a white marble altar of Elyvilon.
  3988 | D:4      | Found a staircase to the Ecumenical Temple.
  4042 | D:4      | Reached XP level 7. HP: 52/52 MP: 8/8
  4403 | D:4      | Noticed Edmund
  4654 | D:4      | Reached skill level 5 in Fire Magic
  4788 | D:4      | Reached skill level 7 in Polearms
  4848 | D:5      | Entered Level 5 of the Dungeon
  4873 | D:5      | Noticed Robin
  4896 | D:5      | Killed Robin
  4959 | D:5      | Identified the +1 leather armour "Iwur" {rN+}
  5314 | D:5      | Noticed Ijyb
  5321 | D:5      | Killed Ijyb
  5496 | D:5      | Noticed Grinder
  5501 | D:5      | Killed Grinder
  5502 | D:5      | Reached skill level 8 in Polearms
  5502 | D:5      | Reached XP level 8. HP: 58/58 MP: 7/9
  5811 | D:5      | Reached skill level 9 in Polearms
  6074 | D:5      | Reached skill level 10 in Polearms
  6087 | D:5      | Reached XP level 9. HP: 31/63 MP: 0/10
  7127 | D:6      | Reached skill level 5 in Fighting
  7127 | D:6      | Reached skill level 11 in Polearms
  7281 | D:6      | Identified the +3 buckler of Yredelemnul's Delight {*Slow
                  | rF+ rN+ Int+5}
  7330 | D:6      | Reached skill level 1 in Shields
  7471 | D:6      | Identified the +6 whip of Fortitude {freeze, Contam Int+3
                  | SInv}
  7506 | D:6      | Reached skill level 1 in Dodging
  7835 | D:7      | Noticed Prince Ribbit
  7856 | D:7      | Killed Prince Ribbit
  8042 | D:7      | Reached XP level 10. HP: 59/74 MP: 11/11
  8340 | D:7      | Noticed Maggie
  8352 | D:7      | Maggie changed into Maggie the acid dragon
  8352 | D:7      | Noticed Maggie
  8356 | D:7      | Killed Maggie the acid dragon
  8774 | D:7      | Noticed Dowan
  8774 | D:7      | Noticed Duvessa
  8780 | D:7      | Dowan changed into Dowan the endoplasm
  8780 | D:7      | Noticed Dowan
  8784 | D:7      | Killed Dowan the endoplasm
  8847 | D:8      | Reached skill level 5 in Shields
  9249 | D:8      | Reached skill level 1 in Armour
 10321 | D:9      | Found an ornate altar of the Wu Jian Council.
 10336 | D:9      | Found a stormy altar of Qazlal.
 10439 | D:9      | Found a hazy altar of Hepliaklqana.
 10457 | D:9      | Noticed a two-headed ogre
 10466 | D:9      | Killed a two-headed ogre
 10467 | D:9      | Reached skill level 1 in Evocations
 10617 | D:9      | Reached skill level 12 in Polearms
 10749 | D:10     | Entered Level 10 of the Dungeon
 10794 | D:10     | Noticed a death yak
 10851 | D:9      | Reached skill level 5 in Dodging
 11007 | D:10     | Killed an unseen horror
 11008 | D:10     | Reached XP level 11. HP: 73/80 MP: 11/14
 11256 | D:10     | Found a staircase to the Lair.
 11259 | D:10     | Noticed a death yak
 11282 | D:10     | Noticed a death yak
 11296 | D:9      | Paralysed by a hornet for 1 turns
 11555 | D:10     | Noticed a two-headed ogre
 11561 | D:10     | Killed a two-headed ogre
 11589 | D:9      | Upgraded the game from 0.30-a0-778-g2ef04afb54 to
                  | 0.30-a0-779-g7971cf19c3
 11679 | D:10     | Found Ruazac's Armour Boutique.
 11682 | D:10     | Bought a +2 pair of boots of flying for 258 gold pieces
 12110 | D:10     | Identified the +0 ring mail of Bitterness {rPois Will+
                  | Dex+3}
 12627 | D:10     | Killed a death yak
 12780 | D:10     | Noticed Grum
 13036 | D:10     | Killed Grum
 13404 | D:9      | Killed a death yak
 13562 | D:10     | Found a burning altar of Makhleb.
 13805 | D:11     | Reached skill level 5 in Armour
 13904 | D:11     | Noticed a manticore
 14043 | D:11     | Reached XP level 12. HP: 30/89 MP: 15/15
 14416 | D:11     | Found a staircase to the Orcish Mines.
 14901 | D:11     | Found an ancient bone altar of Kikubaaqudgha.
 15073 | D:11     | Reached skill level 5 in Evocations
 15325 | Lair:1   | Entered Level 1 of the Lair of Beasts
 16236 | Lair:1   | Noticed Sonja
 16237 | Lair:1   | Sonja changed into Sonja the troll
 16237 | Lair:1   | Noticed Sonja
 16255 | Lair:1   | Killed Sonja the troll
 17406 | Lair:2   | Found a staircase to the Swamp.
 17726 | Lair:2   | Reached skill level 13 in Polearms
 18806 | Lair:3   | Reached XP level 13. HP: 63/98 MP: 17/17
 19168 | Lair:3   | Identified the +0 helmet "Pidypaf" {Stlth+}
 19979 | Lair:3   | Learned a level 1 spell: Foxfire
 20132 | Lair:3   | Noticed Snorg
 20432 | Lair:3   | Identified the +5 long sword of Ocoreove {heavy, Int+2}
 20596 | Lair:3   | Reached skill level 1 in Conjurations
 20596 | Lair:3   | Noticed a catoblepas
 21216 | Orc:1    | Entered Level 1 of the Orcish Mines
 21676 | Orc:1    | Found a runed translucent door.
 22375 | Orc:2    | Entered Level 2 of the Orcish Mines
 22375 | Orc:2    | Found a staircase to the Elven Halls.
 22682 | Orc:2    | Noticed Erolcha
 22741 | Orc:2    | Found Fuov's Distillery.
 22984 | Orc:2    | Bought a potion of haste for 120 gold pieces
 22997 | Orc:2    | Found Ciydghum's Book Emporium.
 23009 | Orc:2    | Found Heosch Rinn's Self-Improvement Boutique.
 23094 | Orc:2    | Killed Erolcha
 23098 | Orc:2    | Found Arekhaic's Antique Armour Shoppe.
 23116 | Orc:2    | Found a flickering gateway to a bazaar.
 23126 | Bazaar   | Entered a bazaar
 23126 | Bazaar   | Found Rutiefe's Antique Armour Shop.
 23151 | Bazaar   | Found Ifaut's Antique Weapon Shop.
 23171 | Bazaar   | Found Datoet's General Store.
 23193 | Bazaar   | Bought a pair of slimy boots for 247 gold pieces
 23193 | Bazaar   | Identified the +0 pair of boots "Duryjuwk" {Str+6} (You
                  | bought it in a shop in a bazaar)
 23207 | Bazaar   | Bought a runed trident for 117 gold pieces
 23228 | Bazaar   | Bought 3 scrolls of blinking for 225 gold pieces
 23228 | Bazaar   | Bought a potion of haste for 100 gold pieces
 23228 | Bazaar   | Bought a potion of haste for 100 gold pieces
 24578 | Orc:1    | Reached skill level 14 in Polearms
 26045 | Lair:3   | Reached XP level 14. HP: 104/108 MP: 13/18
 26150 | Lair:3   | Found a staircase to the Snake Pit.
 26881 | Lair:4   | Found a dark tunnel.
 26898 | Volcano  | Entered a volcano
 26920 | Volcano  | HP: 3/108 [two-headed ogre/+0 giant club (11)]
 26929 | Volcano  | Slain by a two-headed ogre

Illustrated notes

Levels and vault maps discovered:
D:1:      spicycebolla_arrival_ecumenical, layout_basic
D:2:      minmay_skewed_foursquare, layout_basic,
          chequers_serial_rivers_small_a, minmay_tromino_v4_b
D:3:      layout_basic, lemuel_coloured_pillars_altar, portal_sewer_entry_e,
          nicolae_concentric_dashed_squares_wild
D:4:      layout_cave_pools, minmay_temple_entry_proselytizer, minmay_pentangle,
          uniq_edmund
D:5:      layout_gridville, nicolae_goblin_pals, uniq_grinder
D:6:      layout_basic
D:7:      layout_gridville, kennysheep_flooded_box,
          hangedman_abyss_or_decor_passed, uniq_duvessa, uniq_maggie,
          uniq_prince_ribbit1
D:8:      layout_basic, ebering_dispersal_statue_hall
D:9:      layout_rooms, worldfamousw_hep_ancestral_shrine,
          nicolae_qazlal_eye_of_the_storm, mainiacjoe_overflow_brackets
D:10:     layout_irregular_city, bloody_makhleb, dpeg_lair_monsters,
          serial_shops, kennysheep_mini_moat, uniq_grum
D:11:     wander_kiku_kobolds, layout_irregular_city, david_orc_2,
          nicolae_kite_square_tiling_tiny
Lair:1:   layout_cave_pods, uniq_sonja
Lair:2:   layout_cellular_growth, minmay_swamp_entry_eels,
          nicolae_lair_lil_pond, nicolae_lair_run_with_the_wolves
Lair:3:   layout_concentric_octagons, guppyfry_snake_entry_garden,
          kilobyte_rumbling_trees, uniq_snorg
Lair:4:   layout_long_grid, nicolae_volcano_entry_hallway, lemuel_fruit_tree
Orc:1:    layout_caves, lightli_church_of_beogh
Orc:2:    st_orc_pillars, layout_caves, serial_shops, freezing_bzr,
          nicolae_shop_temple_entry_statues_fountains, shop_statue,
          nicolae_shop_trees, nicolae_shop_self_help, uniq_erolcha
Volcano:  pf_volcano_lost_world

Skill      XL: |  1  2  3  4  5  6  7  8  9 10 11 12 13 14 |
---------------+-------------------------------------------+-----
Polearms       | 4 5 6 8 10 11 12 13 14 | 14.0
Fire Magic     | 4 5 6 8 |  8.0
Fighting       | 5 6 8 9 |  9.6
Shields        | 3 5 6 7 9 |  9.4
Dodging        | 2 5 6 7 |  7.2
Armour         | 3 5 6 7 |  7.1
Spellcasting   | 2 3 |  3.0
Evocations     | 2 4 5 |  5.0
Conjurations   | 3 |  3.0

Action                     |  1- 3 |  4- 6 |  7- 9 | 10-12 | 13-15 || total
---------------------------+-------+-------+-------+-------+-------++-------
  Melee: Spear             |    26 |       |   173 |       |    18 ||   217
         Punch             |       |       |     3 |       |       ||     3
         Trident           |       |       |       |   630 |   662 ||  1292
   Fire: Sling             |    65 |   112 |    63 |   135 |    38 ||   413
  Throw: Dart              |     9 |       |       |     5 |    18 ||    32
   Cast: Scorch            |     9 |    36 |   128 |   291 |   168 ||   632
         Foxfire           |       |       |       |       |    78 ||    78
  Evoke: Wand              |       |       |       |    25 |    19 ||    44
    Use: Scroll            |     4 |     6 |     3 |    13 |    14 ||    40
         Potion            |       |       |       |     1 |     9 ||    10
   Stab: Invisible         |       |       |       |     3 |     2 ||     5
         Distracted        |       |       |       |       |     1 ||     1
 Armour: Robe              |    10 |    16 |       |       |       ||    26
         Ring mail         |       |     2 |    91 |       |   100 ||   193
         Acid dragon scale |       |       |    13 |   311 |   155 ||   479
         Chain mail        |       |       |       |       |     6 ||     6
  Dodge: Dodged            |    36 |    48 |    96 |   358 |   215 ||   753
  Block: Buckler           |       |       |     5 |   117 |       ||   122
         Kite shield       |       |       |       |   194 |   307 ||   501

Table legend: (Time is in decaauts)
 A = Elapsed time spent in this place.
 B = Non-inter-level travel time spent in this place.
 C = Inter-level travel time spent in this place.
 D = Time resting spent in this place.
 E = Time spent auto-exploring this place.
 F = Levels seen in this place.
 G = Mean time per level.
                   A        B        C        D        E       F      G
               +--------+--------+--------+--------+--------+-----+--------+
         Total |  26766 |  25446 |   1320 |   6003 |  14393 |  20 | 1338.3 |
       Dungeon |  15389 |  14610 |    779 |   2373 |   9298 |  11 | 1399.0 |
          Lair |   7021 |   6671 |    350 |   2270 |   3309 |   4 | 1755.2 |
  Orcish Mines |   3928 |   3738 |    190 |   1251 |   1592 |   2 | 1964.0 |
        Bazaar |    116 |    116 |      0 |      0 |     50 |   1 |  116.0 |
         Sewer |    286 |    286 |      0 |    109 |    144 |   1 |  286.0 |
       Volcano |     24 |     24 |      0 |      0 |      0 |   1 |   24.0 |
               +--------+--------+--------+--------+--------+-----+--------+

Top non-repeatable levels by time:
  Lair:3: 2628 daAuts
   Orc:1: 2470 daAuts
    D:10: 2320 daAuts
  Lair:2: 2230 daAuts
     D:9: 1905 daAuts
     D:2: 1784 daAuts
     D:5: 1599 daAuts
  Lair:1: 1502 daAuts
   Orc:2: 1458 daAuts
    D:11: 1451 daAuts
     D:6: 1405 daAuts
     D:3: 1136 daAuts
     D:8: 1109 daAuts
     D:7: 958 daAuts
     D:4: 896 daAuts
